 Dungeon Crawl Stone Soup version 0.27-a0-203-gd48b2df3c9 (webtiles) character file.

Game seed: 2484320298685797962

109 wakim the Ruffian (level 4, -2/35 HPs)
             Began as a Draconian Transmuter on Jan 30, 2021.
             Slain by a gnoll
             ... wielding a +4 halberd
              (7 damage)
             ... on level 3 of the Dungeon.
             The game lasted 00:06:14 (2126 turns).

wakim the Ruffian (Draconian Transmuter)            Turns: 2126, Time: 00:06:15

Health: -2/35      AC:  5    Str: 13    XL:     4   Next: 59%
Magic:  7/7        EV: 12    Int: 14    God:
Gold:   133        SH:  0    Dex: 11    Spells: 4/7 levels left

rFire    . . .     SeeInvis .     - Unarmed
rCold    . . .     Faith    .   (no shield)
rNeg     . . .     Spirit   .   (armour unavailable)
rPois    .         Reflect  .   (helmet restricted)
rElec    .         Harm     .   (no cloak)
rCorr    +         Rampage  .   (no gloves)
Will     .....                  (no boots)
Stlth    +.........             (no amulet)
HPRegen  0.11/turn              k - ring of resist corrosion
MPRegen  0.10/turn              (no ring)

@: no status effects
A: unfitting armour, cold-blooded, AC +5
a: no special abilities


You were on level 3 of the Dungeon.
You visited 1 branch of the dungeon, and saw 3 of its levels.

You collected 133 gold pieces.

Inventory:

Jewellery
 i - an uncursed amulet of faith
 k - a ring of resist corrosion (left hand)
Scrolls
 a - 4 scrolls of identify {unknown}
 b - a scroll of enchant weapon {unknown}
 c - 3 scrolls of teleportation {unknown}
 d - 2 scrolls of remove curse {unknown}
 f - a scroll of random uselessness {unknown}
 g - a scroll of fog {unknown}
 l - 3 scrolls of enchant armour {unknown}
Potions
 e - a potion of magic {unknown}
 h - a potion of curing {unknown}
 j - a potion of lignification {unknown}
 m - a potion of brilliance {unknown}


   Skills:
 - Level 1.5 Fighting
 + Level 2.7 Dodging
 * Level 4.6 Unarmed Combat
 - Level 2.0 Spellcasting
 - Level 2.2 Transmutations


You had 4 spell levels left.
You knew the following spells:

 Your Spells              Type           Power        Failure   Level
a - Beastly Appendage     Tmut           14%          10%         1
b - Wereblood             Tmut           7%           14%         2

Your spell library contained the following spells:

 Spells                   Type           Power        Failure   Level
 Spider Form              Tmut/Pois      2%           41%         3
 Ice Form                 Ice/Tmut       4%           83%         4
 Blade Hands              Tmut           3%           95%         5


Dungeon Overview and Level Annotations

Branches:
Dungeon (3/15)

Altars:


Innate Abilities, Weirdness & Mutations

Your plain brown scales are hard. (AC +5)
You cannot fit into any form of body armour.
You are cold-blooded and may be slowed by cold attacks.


Message History

The gnoll hits you but does no damage.
Items here: ( )) †††.
You closely miss the gnoll. You headbutt the gnoll.
The gnoll is lightly wounded.
Your horns disappear.
Your talons disappear.
The gnoll hits you with a +4 halberd.
* * * LOW HITPOINT WARNING * * *
You barely miss the gnoll.
The gnoll is lightly wounded.
You hit the gnoll but do no damage.
The gnoll is lightly wounded.
The gnoll barely misses you.
You closely miss the gnoll.
You tail-slap the gnoll, but do no damage.
The gnoll is lightly wounded.
The gnoll closely misses you.
You closely miss the gnoll.
The gnoll is lightly wounded.
The gnoll hits you with a +4 halberd!
You die...

.............##
#.............#
....##.####..#
.......#.## #..#
.........###..###
................#
.........###..#.#
..#..###.# #..#.#
. #..###.###..#@#
#..##...##..#g#
#..............#
##.##...#>.......
#.###.##.#....###
#.# #.## #.#.##
#####.# #.. .....
†.....#
####.###..
####### #. #..


You could see a gnoll.

Vanquished Creatures
  2 adders (D:2)
  2 gnolls (D:3)
  An ooze (D:3)
  2 worms (D:2)
  3 dart slugs
  3 leopard geckos
  8 bats
  5 goblins
  8 hobgoblins
  3 jackals (D:3)
  9 kobolds
  7 rats
53 creatures vanquished.

Notes
Turn   | Place    | Note
-------+----------+-------------------------------------------
     0 | D:1      | wakim the Draconian Transmuter began the quest for the Orb.
     0 | D:1      | Reached XP level 1. HP: 16/16 MP: 3/3
   514 | D:1      | Reached XP level 2. HP: 22/23 MP: 3/5
   520 | D:1      | Learned a level 2 spell: Wereblood
  1279 | D:2      | Reached XP level 3. HP: 27/28 MP: 6/6
  1375 | D:2      | Reached skill level 4 in Unarmed Combat
  1771 | D:2      | Reached XP level 4. HP: 32/35 MP: 5/7
  2126 | D:3      | Slain by a gnoll

Illustrated notes

Levels and vault maps discovered:
D:1:      saegor_arrival_simple_c, layout_basic
D:2:      layout_basic, kennysheep_generic_room_4
D:3:      layout_loops_ring, uniq_grinder, uniq_natasha

Skill      XL: |  1  2  3 |
---------------+----------+-----
Dodging        | 2 |  2.7
Unarmed Combat | 4 |  4.6
Fighting       | |  1.5
Spellcasting   | |  2.0
Transmutations | |  2.2

Action                   |  1- 3 |  4- 6 || total
-------------------------+-------+-------++-------
Melee: Unarmed           |   105 |    47 ||   152
       Kick              |    18 |     4 ||    22
       Headbutt          |    12 |     5 ||    17
       Tailslap          |     4 |     4 ||     8
       Punch             |     3 |     2 ||     5
 Cast: Beastly Appendage |    18 |     7 ||    25
 Stab: Sleeping          |     1 |       ||     1
Armor: Skin              |    34 |     9 ||    43
Dodge: Dodged            |    80 |    22 ||   102

Table legend: (Time is in decaauts)
 A = Elapsed time spent in this place.
 B = Non-inter-level travel time spent in this place.
 C = Inter-level travel time spent in this place.
 D = Time resting spent in this place.
 E = Time spent auto-exploring this place.
 F = Levels seen in this place.
 G = Mean time per level.
                   A        B        C        D        E       F      G
               +--------+--------+--------+--------+--------+-----+--------+
         Total |   2114 |   2090 |     24 |    402 |   1285 |   3 |  704.7 |
       Dungeon |   2114 |   2090 |     24 |    402 |   1285 |   3 |  704.7 |
               +--------+--------+--------+--------+--------+-----+--------+

Top non-repeatable levels by time:
     D:1: 1198 daAuts
     D:2: 810 daAuts
     D:3: 105 daAuts
